 Dungeon Crawl Stone Soup version 0.22.1-2-g9c5b331383 (webtiles) character file.

98 hurdos the Sneak (level 4, 0/24 HPs)
             Began as a Deep Elf Enchanter on Dec 9, 2018.
             Was an Initiate of Sif Muna.
             Shot with a stone by a goblin (2 damage)
             ... on level 3 of the Dungeon.
             The game lasted 00:10:11 (1759 turns).

hurdos the Sneak (Deep Elf Enchanter)               Turns: 1759, Time: 00:10:11

Health: 0/24       AC:  6    Str:  8    XL:     4   Next: 44%
Magic:  10/10      EV: 14    Int: 20    God:    Sif Muna [......]
Gold:   93         SH:  0    Dex: 16    Spells: 6/9 levels left

rFire    . . .     SeeInvis .   a - +1 dagger
rCold    . . .     Gourm    .   (no shield)
rNeg     . . .     Faith    .   b - +0 robe
rPois    .         Spirit   .   h - +2 hat
rElec    .         Reflect  .   (no cloak)
rCorr    .         Harm     .   o - +0 pair of gloves {Str+3}
MR       .....                  i - +0 pair of boots
Stlth    +++.......             (no amulet)
HPRegen  0.08/turn              (no ring)
MPRegen  0.12/turn              (no ring)

@: no status effects
A: no striking features
a: Renounce Religion


You were on level 3 of the Dungeon.
You worshipped Sif Muna.
Sif Muna was noncommittal.
You were not hungry.

You visited 1 branch of the dungeon, and saw 4 of its levels.

You collected 93 gold pieces.

Inventory:

Hand Weapons
 a - a +1 dagger (weapon)
Armour
 b - a +0 robe (worn)
 h - a +2 hat (worn)
 i - a +0 pair of boots (worn)
 o - a +0 pair of gloves of strength (worn)
Scrolls
 f - a scroll of identify {unknown}
 j - a scroll of enchant armour {unknown}
 l - a scroll of teleportation {unknown}
 n - a scroll of remove curse {unknown}
 p - a scroll of noise {unknown}
Potions
 c - a potion of lignification {unknown}
 e - a potion of brilliance {unknown}
 g - a potion of haste {unknown}
 k - a potion of experience {unknown}
Comestibles
 d - 2 rations
 m - 12 chunks of flesh


   Skills:
 + Level 2.0 Short Blades
 + Level 3.2 Dodging
 * Level 5.0 Stealth
 - Level 3.0 Spellcasting
 + Level 4.6 Hexes
 + Level 1.2 Ice Magic


You had 6 spell levels left.
You knew the following spells:

 Your Spells              Type           Power        Failure   Level  Hunger
a - Corona                Hex            ###....      2%          1    None
b - Ensorcelled Hibernat  Hex/Ice        ##....       6%          2    ##.....

Your spell library contained the following spells:

 Spells                   Type           Power        Failure   Level  Hunger
 Confuse                  Hex            ###.....     6%          3    ###....
 Tukima's Dance           Hex            ###.....     6%          3    ###....
 Dazzling Spray           Conj/Hex       ##....       17%         3    ###....


Dungeon Overview and Level Annotations

Branches:
Dungeon (4/15)
 Temple: D:4-7

Altars:
Ashenzari
Sif Muna
Wu Jian


Message History

a dagger; a goblin skeleton The goblin hits you with an uncursed hand axe!
* * * LOW HITPOINT WARNING * * *
The goblin hits you with an uncursed hand axe.
* * * LOW HITPOINT WARNING * * *
The goblin closely misses you.
Some of the chunks of flesh in your inventory have rotted away.
There is a stone staircase leading down here.
The goblin hits you but does no damage.
Things that are here:
a dagger; a goblin skeleton The goblin barely misses you.
The goblin barely misses you.
The goblin rages.
The goblin barely misses you.
The goblin is no longer berserk.
The goblin unwields an uncursed hand axe.
The goblin wields an uncursed hunting sling.
The goblin shoots a stone.
The stone hits you.
You die...

###########
.>..).....######
.....####.##...#
..........@....# .
...####.##>..# ##
#g###.## ..
..####.###)###.#
............<...#
...#.#.....รท<...#
#....###....##
.....#.# ####.#
######.# ...


You could see a goblin.

Vanquished Creatures
  An orc priest (D:4)
  An adder (D:2)
  3 worms
  3 dart slugs
  A leopard gecko (D:3)
  4 orcs (D:4)
  4 bats
  5 goblins
  6 hobgoblins
  3 jackals (D:2)
  3 frilled lizards
  3 kobolds
  4 rats
41 creatures vanquished.

Notes
Turn   | Place    | Note
-------+----------+-------------------------------------------
     0 | D:1      | hurdos the Deep Elf Enchanter began the quest for the Orb.
     0 | D:1      | Reached XP level 1. HP: 10/10 MP: 6/6
   167 | D:1      | Reached skill level 4 in Stealth
   188 | D:1      | Reached XP level 2. HP: 14/15 MP: 5/8
   330 | D:1      | Learned a level 2 spell: Ensorcelled Hibernation
   829 | D:3      | Found a deep blue altar of Sif Muna.
   829 | D:3      | Found a shattered altar of Ashenzari.
   835 | D:3      | Became a worshipper of Sif Muna the Loreminder
   852 | D:2      | Reached XP level 3. HP: 15/19 MP: 2/9
  1407 | D:2      | Found an ornate altar of the Wu Jian Council.
  1624 | D:4      | Reached skill level 1 in Ice Magic
  1652 | D:4      | Reached skill level 5 in Stealth
  1652 | D:4      | Reached XP level 4. HP: 24/24 MP: 1/10
  1746 | D:3      | HP: 1/24 [goblin/uncursed hand axe (2)]
  1759 | D:3      | Shot with a stone by a goblin

Skill      XL: |  1  2  3  4 |
---------------+-------------+-----
Stealth        | 4 5 |  5.0
Dodging        | 3 |  3.2
Ice Magic      | 1 |  1.2
Short Blades   | 2 |  2.0
Spellcasting   | |  3.0
Hexes          | |  4.6

Action                   |  1- 3 |  4- 6 || total
-------------------------+-------+-------++-------
Melee: Dagger            |   116 |     5 ||   121
 Cast: Corona            |    14 |     1 ||    15
       Ensorcelled Hiber |    35 |       ||    35
 Stab: Sleeping          |    27 |       ||    27
  Eat: Chunk             |     4 |       ||     4
Armor: Robe              |    31 |     5 ||    36
Dodge: Dodged            |    75 |     8 ||    83
